 Dungeon Crawl Stone Soup version 0.31-a0-229-g1fc7ce93e2 (webtiles) character file.

Game seed: 14548103735455167107

338 qw the Shooter (level 6, -6/52 HPs)
             Began as a Minotaur Hexslinger on July 6, 2023.
             Mangled by an iguana (9 damage)
             ... on level 4 of the Dungeon.
             The game lasted 00:01:04 (2205 turns).

qw the Shooter (Minotaur Hexslinger)                Turns: 2205, Time: 00:01:05

Health: -6/52      AC:  3    Str: 13    XL:     6   Next: 29%
Magic:  6/6        EV: 18    Int: 10    God:
Gold:   224        SH:  0    Dex: 20    Spells: 6/7 levels left

rFire   . . .        Y - +4 orcbow (freeze)
rCold   . . .        (shield currently unavailable)
rNeg    . . .        i - +0 leather armour
rPois   .            (helmet restricted)
rElec   .            (no cloak)
rCorr   .            (no gloves)
SInv    .            (no boots)
Will    .....        (no amulet)
Stlth   +            b - +6 ring of dexterity
HPRegen 0.28/turn    c - +5 ring of evasion
MPRegen 0.10/turn

%: no passive effects
@: about to teleport
A: horns 2, retaliatory headbutt
a: no special abilities


You were on level 4 of the Dungeon.
You visited 1 branch of the dungeon, and saw 4 of its levels.

You collected 224 gold pieces.


Innate Abilities, Weirdness & Mutations

You have a pair of horns on your head.
You reflexively headbutt those who attack you in melee.


   Skills:
 - Level 4.0 Fighting
 + Level 6.0 Ranged Weapons
 - Level 3.1 Dodging
 - Level 1.0 Spellcasting
 - Level 2.0 Hexes


You had 6 spell levels left.
You knew the following spells:

 Your Spells              Type           Power      Damage    Failure   Level
a - Slow                  Hex            16%        N/A       19%         1

Your spell library contained the following spells:

 Spells                   Type           Power      Damage    Failure   Level
 Inner Flame              Hex/Fire       2%         N/A       65%         3
 Portal Projectile        Hex/Tloc       4%         N/A       65%         3
 Cause Fear               Hex            2%         N/A       88%         4

Inventory:

Hand Weapons
 Y - a +4 orcbow of freezing (weapon)
Armour
 i - a +0 leather armour (worn)
Jewellery
 b - a +6 ring of dexterity (left hand)
 c - a +5 ring of evasion (right hand)
Scrolls
 e - a scroll of identify
Potions
 a - a potion of mutation
 d - a potion of enlightenment
 f - a potion of lignification {unknown}
 j - a potion of might
 k - a potion of attraction {unknown}

Dungeon Overview and Level Annotations

Branches:
Dungeon (4/15)
 Temple: D:4-7

Altars:
Ru
The Shining One

Shops:
D:1 (

Annotations:
D:3 2 transporters, qw's ghost, amateur GrFi


Message History

2199 ||| (to cure confusion)
The orc wizard casts a spell at you. The puff of flame hits you.
A kobold comes into view. It is wielding a +0 whip.
The orc priest mumbles some strange prayers to Beogh against you.
Beogh smites you!
You shoot an arrow. The arrow barely misses the orc.
The kobold shouts!
The orc wizard casts a spell at you. The magic dart hits you!
You shoot an arrow. The arrow hits the orc!
The arrow freezes the orc.
You kill the orc!
You shoot an arrow. The arrow closely misses the orc.
The arrow closely misses the orc priest.
The arrow hits the orc wizard!
The arrow freezes the orc wizard.
The orc wizard is almost dead.
The orc closely misses you. You furiously retaliate!
You headbutt the orc.
The kobold throws a stone.
The stone hits you.
You shoot an arrow. The arrow hits the orc!
The arrow freezes the orc.
You kill the orc!
The adder barely misses you.
The orc priest mumbles some strange prayers to Beogh against you.
Beogh smites you! The adder closely misses you.
2204 ||| READING scroll of teleportation.
As you read the scroll of teleportation, it crumbles to dust.
You feel strangely unstable. The orc wizard casts a spell at you.
The puff of flame hits you.
The orc priest looks satisfied for a moment.
The kobold throws a stone.
The stone closely misses you. The adder closely misses you.
You shoot an arrow. The arrow hits the orc priest!
The arrow freezes the orc priest.
You kill the orc priest!
The adder bites you.
The orc wizard casts a spell.
The orc wizard flickers and vanishes!
Deactivating autopickup; reactivate with Ctrl-A.
The iguana bites you!
You die...

#......#P.7####7P#
##......#............##
#..........)...........
.##.............# ......
. ##.....)......##......
.# ##.........K..#......
.#####..................
..#..............).)....
..#...........#.@l{....#
..#.........#.##.S.....#
)......#..###.##.###)...
..)....#.## .<#..# ...
..).#....####..... .
...)..##.#........
#...[)##...........
##..).#............
####)..........


You could see an iguana, an adder and a kobold.

Vanquished Creatures
  A black bear (D:4)
  An orc priest (D:4)
  2 hounds (D:4)
  An iguana (D:4)
  An orc wizard (D:4)
  Robin (D:4)
  3 adders
  A worm (D:2)
  3 dart slugs
  2 orcs (D:4)
  6 bats
  9 endoplasms
  9 giant cockroaches
  11 goblins
  10 hobgoblins
  12 kobolds
  3 quokkas
  7 ball pythons
  3 frilled lizards
  4 rats
90 creatures vanquished.

Notes
Turn   | Place    | Note
-------+----------+-------------------------------------------
     0 | D:1      | qw the Minotaur Hexslinger began the quest for the Orb.
     0 | D:1      | Reached XP level 1. HP: 16/16 MP: 1/1
     0 | D:1      | 0 ||| qw: Version: 0.3-a-46-gb1f654a
     0 | D:1      | 0 ||| qw: Game counter: 1637
     0 | D:1      | 0 ||| qw: Melee chars always use a shield: true
     0 | D:1      | 0 ||| qw: God list: Okawaru
     0 | D:1      | 0 ||| qw: Allow faded altars: false
     0 | D:1      | 0 ||| qw: Do Orc after clearing Dungeon:15 true
     0 | D:1      | 0 ||| qw: Do second Lair branch before Depths: true
     0 | D:1      | 0 ||| qw: Lair rune preference: random
     0 | D:1      | 0 ||| qw: Goals: Normal
     0 | D:1      | 0 ||| PLANNING D:1-11
    92 | D:1      | Reached skill level 3 in Ranged Weapons
    97 | D:1      | Reached XP level 2. HP: 23/23 MP: 2/2
   209 | D:1      | 209 ||| FLEEEEING.
   211 | D:1      | 211 ||| FLEEEEING.
   212 | D:1      | 212 ||| FLEEEEING.
   213 | D:1      | 213 ||| FLEEEEING.
   214 | D:1      | 214 ||| FLEEEEING.
   215 | D:1      | 215 ||| FLEEEEING.
   216 | D:1      | 216 ||| FLEEEEING.
   217 | D:1      | 217 ||| FLEEEEING.
   218 | D:1      | 218 ||| FLEEEEING.
   219 | D:1      | 219 ||| FLEEEEING.
   220 | D:1      | 220 ||| FLEEEEING.
   221 | D:1      | 221 ||| FLEEEEING.
   319 | D:1      | Found a faded altar of an unknown god.
   543 | D:1      | Found Orruc's Weapon Emporium.
   673 | D:1      | 673 ||| FLEEEEING.
   674 | D:1      | 674 ||| FLEEEEING.
   675 | D:1      | 675 ||| FLEEEEING.
   676 | D:1      | 676 ||| FLEEEEING.
   677 | D:1      | 677 ||| FLEEEEING.
   678 | D:1      | 678 ||| FLEEEEING.
   679 | D:1      | 679 ||| FLEEEEING.
   680 | D:1      | 680 ||| FLEEEEING.
   681 | D:1      | 681 ||| FLEEEEING.
   682 | D:1      | 682 ||| FLEEEEING.
   683 | D:1      | 683 ||| FLEEEEING.
   684 | D:1      | 684 ||| FLEEEEING.
   685 | D:1      | 685 ||| FLEEEEING.
   686 | D:1      | 686 ||| FLEEEEING.
   687 | D:1      | 687 ||| FLEEEEING.
   792 | D:1      | 792 ||| UPGRADING to +0 leather armour.
   802 | D:1      | 802 ||| DROPPING +0 robe.
   803 | D:1      | 803 ||| READING scroll labelled BUN SECSIM DENK.
   808 | D:1      | 808 ||| READING scroll labelled ZUACZEYGHAK.
   809 | D:1      | 809 ||| READING scroll labelled EDGHAIT VAAXOSTI.
   810 | D:1      | 810 ||| DROPPING scroll of poison.
   860 | D:2      | Reached XP level 3. HP: 29/29 MP: 3/3
   945 | D:2      | Reached skill level 4 in Ranged Weapons
  1249 | D:2      | Reached XP level 4. HP: 36/36 MP: 4/4
  1321 | D:2      | 1321 ||| DROPPING amulet of magic regeneration.
  1322 | D:2      | 1322 ||| UPGRADING to +6 ring of dexterity.
  1323 | D:2      | 1323 ||| READING scroll labelled WOROOL QELIACW.
  1324 | D:2      | 1324 ||| READING 3 scrolls labelled WUOM TOABBIDAU.
  1325 | D:2      | 1325 ||| READING scroll labelled QUFUWK YSITU.
  1326 | D:2      | 1326 ||| DRINKING 2 metallic sapphire potions.
  1327 | D:2      | 1327 ||| READING 2 scrolls of identify.
  1327 | D:2      | 1327 ||| IDENTIFYING bubbling dark potion
  1537 | D:3      | Found a transporter.
  1537 | D:3      | Noticed a phantom
  1539 | D:3      | Noticed qw's ghost (amateur GrFi)
  1640 | D:3      | Found a transporter.
  1854 | D:3      | Found a glowing golden altar of the Shining One.
  1855 | D:3      | Found a sacrificial altar of Ru.
  1933 | D:3      | 1933 ||| UPGRADING to +5 ring of evasion.
  1934 | D:3      | 1934 ||| READING scroll labelled HYBERU VIANIFU.
  1934 | D:3      | Identified a scroll of acquirement
  1934 | D:3      | 1934 ||| ACQUIRING +2 orcbow of freezing
  1934 | D:3      | Acquired a +2 orcbow of freezing
  1936 | D:3      | 1936 ||| SWAPPING to +2 orcbow of freezing.
  1937 | D:3      | 1937 ||| DROPPING +2 sling.
  1938 | D:3      | 1938 ||| READING scroll labelled ENLI ROLAZI.
  1939 | D:3      | 1939 ||| DRINKING 2 blue potions.
  1940 | D:3      | 1940 ||| DRINKING 2 red potions.
  1941 | D:3      | 1941 ||| DRINKING 2 inky potions.
  1942 | D:3      | 1942 ||| DROPPING potion of invisibility.
  2006 | D:4      | Noticed a black bear
  2011 | D:4      | Killed a black bear
  2012 | D:4      | Reached skill level 6 in Ranged Weapons
  2012 | D:4      | Reached XP level 5. HP: 41/41 MP: 5/5
  2025 | D:4      | Noticed Robin
  2033 | D:4      | Reached skill level 3 in Fighting
  2034 | D:4      | Killed Robin
  2038 | D:4      | Reached XP level 6. HP: 30/52 MP: 6/6
  2056 | D:4      | 2056 ||| FLEEEEING.
  2057 | D:4      | 2057 ||| FLEEEEING.
  2058 | D:4      | 2058 ||| FLEEEEING.
  2059 | D:4      | 2059 ||| FLEEEEING.
  2065 | D:4      | 2065 ||| STAIRDANCE
  2163 | D:4      | 2163 ||| READING scroll of enchant weapon.
  2163 | D:4      | 2163 ||| ENCHANTING +2 orcbow of freezing.
  2181 | D:4      | 2181 ||| READING scroll of enchant weapon.
  2181 | D:4      | 2181 ||| ENCHANTING +3 orcbow of freezing.
  2196 | D:4      | Reached skill level 3 in Dodging
  2199 | D:4      | 2199 ||| DRINKING potion of curing.
  2199 | D:4      | 2199 ||| (to cure confusion)
  2203 | D:4      | HP: 9/52 [orc priest/divine providence (13)]
  2204 | D:4      | 2204 ||| READING scroll of teleportation.
  2205 | D:4      | HP: 3/52 [adder (3)]
  2205 | D:4      | Mangled by an iguana

Levels and vault maps discovered:
D:1:      saegor_arrival_simple_d, layout_loops_cross, serial_shops,
          nicolae_shop_tiny_real_fake_doors,
          shapermc_ecumenical_altar_mp_vishouse, st_stairs_3
D:2:      layout_rooms, guppyfry_early_lair_pool
D:3:      layout_loops_cross, gammafunk_temple_overflow_pools,
          gammafunk_ghost_mausoleum
D:4:      kennysheep_kobold_camp, layout_cave_pools, serial_shops,
          nicolae_shop_overgrown_old_shop, grunt_ministairs_14, minmay_between,
          uniq_robin

Skill      XL: |  1  2  3  4  5  6 |
---------------+-------------------+-----
Ranged Weapons | 3 4 6 |  6.0
Fighting       | 2 3 4 |  4.0
Dodging        | 3 |  3.1
Spellcasting   | |  1.0
Hexes          | |  2.0

Action                     |  1- 3 |  4- 6 || total
---------------------------+-------+-------++-------
   Fire: Sling             |   116 |    36 ||   152
         Orcbow            |       |    54 ||    54
    Use: Scroll            |     3 |     9 ||    12
         Potion            |       |     5 ||     5
 Armour: Leather armour    |     7 |     8 ||    15
         Robe              |     3 |       ||     3
  Dodge: Dodged            |    19 |    56 ||    75

Table legend:
 A = Non-vault XP
 B = Vault XP
 C = Vault XP percentage of total XP
 D = Non-vault monster count
 E = Vault monster count
 F = Vault count percentage of total count
                 A         B        C        D         E       F
            +---------+---------+-------+---------+---------+-------
      Total |     460 |      64 |  12.2 |      66 |      24 |  26.7
            +---------+---------+-------+---------+---------+-------
        D:1 |      35 |       2 |   5.4 |      18 |       2 |  10.0
        D:2 |      64 |       0 |   0.0 |      22 |       0 |   0.0
        D:3 |      22 |       0 |   0.0 |      13 |       0 |   0.0
        D:4 |     339 |      62 |  15.5 |      13 |      22 |  62.9
            +---------+---------+-------+---------+---------+-------
